 Dungeon Crawl Stone Soup version 0.13-a0-2398-gfa67c8a (webtiles) character file.

9362 4tharraofdagon the Conjurer (level 11, -4/54 HPs)
             Began as a Gargoyle Fire Elementalist on July 15, 2013.
             Was a High Priest of Sif Muna.
             Killed from afar by a fire drake (11 damage)
             ... with a blast of flame
             ... on Level 3 of the Lair of Beasts.
             The game lasted 00:30:31 (5008 turns).

4tharraofdagon the Conjurer (GrFE)                  Turns: 5008, Time: 00:30:32

HP  -4/54        AC 15     Str 11      XL: 11   Next: 34%
MP  33/34        EV 10     Int 18      God: Sif Muna [*****.]
Gold 720         SH  0     Dex 12      Spells:  4 memorised, 10 levels left

Res.Fire  : . . .   See Invis. : .   f - +2,+4 spear (venom)
Res.Cold  : . . .   Warding    : .   A - +2 orc leather armour
Life Prot.: + . .   Conserve   : .   (no shield)
Res.Poison: +       Res.Corr.  : .   (helmet restricted)
Res.Elec. : +       Clarity    : .   (no cloak)
Sust.Abil.: + .     Spirit.Shd : .   (no gloves)
Res.Mut.  : .       Stasis     : +   (no boots)
Res.Rott. : +       Flight     : .   v - amulet of stasis
Saprovore : . . .                    l - ring of magical power
                                     i - ring of sustain abilities

@: somewhat resistant to hostile enchantments, fairly stealthy
A: fangs 1, horns 1, talons 2, life protection 1, electricity resistance, slow
metabolism 1, wild magic 1, unbreathing, petrification resistance, AC +10, Str
-1, Int -1, Dex +2
a: Channel Energy, Forget Spell, Renounce Religion


You were on level 3 of the Lair of Beasts.
You worshipped Sif Muna.
Sif Muna was extremely pleased with you.
You were not hungry.

You visited 3 branches of the dungeon, and saw 17 of its levels.

You collected 700 gold pieces.

Inventory:

Hand weapons
 f - a +2,+4 spear of venom (weapon)
 j - a +3,+4 flail of holy wrath
Armour
 a - a cursed +0 robe
 t - the +6 ring mail of Lifelessness {Str+3 Int+3, unknown}
   (You found it on level 6 of the Dungeon)

   It affects your strength (+3).
   It affects your intelligence (+3).
 A - a +2 orcish leather armour (worn)
 M - a +0 elven ring mail
Magical devices
 r - a wand of slowing (16) {unknown}
 y - a wand of cold (7) {unknown}
 O - a wand of enslavement (9) {unknown}
 P - a wand of magic darts (12) {unknown}
Comestibles
 c - 4 bread rations
 d - 4 bananas
 s - 2 rotting chunks of blink frog flesh
 u - a meat ration
 D - 2 apples
 K - 2 chunks of sheep flesh
 R - a rotting chunk of iguana flesh
 S - a chunk of jackal flesh
 T - 2 pears
 U - a chunk of green rat flesh
 V - 3 chunks of sheep flesh
Scrolls
 e - 3 scrolls of teleportation {unknown}
 g - 3 scrolls of identify
 h - 4 scrolls of random uselessness {unknown}
 o - a scroll of curse weapon {unknown}
 p - a scroll of torment {unknown}
 q - 2 scrolls of amnesia {unknown}
 w - a scroll of blinking {unknown}
 x - 5 scrolls of remove curse {unknown}
 z - 2 scrolls of curse armour {unknown}
 E - a scroll of fear {unknown}
 I - 2 scrolls of magic mapping {unknown}
 L - a scroll of noise {unknown}
 N - a scroll of vorpalise weapon {unknown}
Jewellery
 i - a ring of sustain abilities (left hand)
 k - an uncursed amulet of inaccuracy
 l - a ring of magical power (right hand)
 v - an amulet of stasis (around neck)
Potions
 m - a potion of slowing
 n - a potion of brilliance
 B - 2 potions of magic
 C - 3 potions of curing
 G - a potion of flight
 H - a potion of heal wounds
 J - a potion of berserk rage
 Q - 2 potions of speed
Books
 b - a book of Flames

   Spells                             Type                      Level
   *Flame Tongue                      Conjuration/Fire             1
   Throw Flame                        Conjuration/Fire             2
   *Conjure Flame                     Conjuration/Fire             3
   Inner Flame                        Hexes/Fire                   3
   *Sticky Flame                      Conjuration/Fire             4
   *Fireball                          Conjuration/Fire             5
 F - a book of Unlife

   Spells                             Type                      Level
   Recall                             Summoning/Translocation      3
   Animate Dead                       Necromancy                   4
   Control Undead                     Necromancy                   4
   Twisted Resurrection               Necromancy                   5
   Death Channel                      Necromancy                   6
   Simulacrum                         Ice/Necromancy               6


   Skills:
 - Level 1.5 Dodging
 - Level 2.1 Stealth
 + Level 6.8 Spellcasting
 * Level 10.7 Conjurations
 * Level 10.2 Fire Magic
 - Level 8.0 Invocations


You had 10 spell levels left.
You knew the following spells:

 Your Spells              Type           Power        Failure   Level  Hunger
a - Flame Tongue          Conj/Fire      #####        1%          1    None
b - Conjure Flame         Conj/Fire      ######..     2%          3    ##.....
c - Sticky Flame          Conj/Fire      ######..     4%          4    ####...
d - Fireball              Conj/Fire      ######....   11%         5    #####..


Dungeon Overview and Level Annotations

Branches:
Dungeon (13/27)            Temple (1/1) D:4             Orc (0/4) D:6
   Lair (3/8) D:13
  Swamp: Lair:3-6    Shoals: Lair:3-6     Snake: Lair:3-6    Spider: Lair:3-6

Altars:
Ashenzari
Cheibriados
Elyvilon
Fedhas
Kikubaaqudgha
Makhleb
Okawaru
Sif Muna
Trog
Vehumet
Xom
Yredelemnul
Zin

Shops:
D:5: } D:7: [

Annotations
D:3 Terence
D:10 exclusion: orange crystal statue
D:13 exclusion: 2 oklob plants


Innate Abilities, Weirdness & Mutations

You are resistant to torment.
You are immune to poison.
Your stone body is very resilient (AC +10).
You have very sharp teeth.
You have razor-sharp toenails.
You resist negative energy.
You are resistant to electric shocks.
You have a slow metabolism.
You can survive without breathing.
You are immune to petrification.
You have a pair of small horns on your head.
You are agile (Dex +1).
You are dopey (Int -1).
Your muscles are flexible, but weak (Str -1, Dex +1).
Your spells are a little harder to cast, but a little more powerful.


Message History

Use which ability? (? or * to list)
You channel some magical energy.
You feel somewhat more hungry.
Use which ability? (? or * to list)
You channel some magical energy.
You feel somewhat more hungry.
You smell something rotten. (slot R)
You see here a sheep corpse.
You start butchering the sheep corpse with your knife.
You continue butchering the corpse.
You finish chopping the sheep corpse into pieces.
You can't pick everything up without burdening yourself.
V - 3 chunks of sheep flesh You see here a chunk of sheep flesh.
A fire drake comes into view.
The fire drake breathes fire at you. The blast of flame hits you!
One of your 4 scrolls of identify catches fire!
* * * LOW HITPOINT WARNING * * *
The fire drake breathes fire at you. The blast of flame hits you!
You die...

...#.# ..
###.#..# ...
#.#....##.# .
##........#..
##....#......P
#....<........
##..#%.....#..
#..#.##......
#...@# P#..
#...(.........
###.#.%l#..#.
####### ..


You could see a fire drake.

Vanquished Creatures
  5 skeletal warriors (D:11)
  A hill giant (D:12)
  A troll (D:10)
  2 komodo dragons
  2 blink frogs (Lair:1)
  A griffon zombie (D:12)
  A shadow (D:12)
  7 yaks
  A hill giant zombie (D:7)
  A hippogriff (D:11)
  A wyvern (D:10)
  2 manticores
  Edmund (D:6)
  A porcupine (Lair:1)
  An ice beast (D:6)
  3 ogres
  2 centaurs
  3 sky beasts
  A crocodile (D:8)
  A big kobold (D:10)
  A brain worm (D:12)
  A manticore zombie (D:10)
  An agate snail (Lair:1)
  A gnoll sergeant (D:7)
  5 giant frogs
  2 goliath beetles
  4 iguanas
  A hound (D:8)
  3 scorpions
  4 sheep (Lair:3)
  3 orc wizards
  4 worker ants
  A jelly (D:13)
  A mottled dragon skeleton (D:9)
  A mummy (D:11)
  4 adders
  A giant centipede (D:10)
  6 gnolls (D:7)
  2 green rats (Lair:2)
  A worm (D:4)
  2 adder zombies (D:5)
  2 giant eyeballs
  4 giant geckos
  An ooze (D:4)
  8 orcs
  6 goblins
  8 hobgoblins
  6 jackals
  12 kobolds
  2 quokkas
  10 bats
  A giant cockroach (D:2)
  2 giant newts
  A hobgoblin skeleton (D:6)
  A kobold skeleton (D:5)
  10 rats
  2 plants (D:13)
163 creatures vanquished.

Notes
Turn   | Place    | Note
--------------------------------------------------------------
     0 | D:1      | 4tharraofdagon, the Gargoyle Fire Elementalist, began the quest for the Orb.
     0 | D:1      | Reached XP level 1. HP: 10/10 MP: 3/3
   126 | D:1      | Reached XP level 2. HP: 12/15 MP: 2/4
   279 | D:2      | Reached XP level 3. HP: 1/19 MP: 1/5
   284 | D:2      | Learned a level 3 spell: Conjure Flame
   831 | D:3      | Noticed Terence
   905 | D:5      | Entered Level 5 of the Dungeon
  1035 | D:5      | Noticed an ogre
  1104 | D:5      | Killed an ogre
  1104 | D:5      | Reached skill level 4 in Fire Magic
  1104 | D:5      | Reached XP level 4. HP: 12/24 MP: 1/7
  1104 | D:5      | Reached XP level 5. HP: 14/28 MP: 1/9
  1157 | D:4      | Noticed a phantom
  1359 | D:5      | Gained mutation: Your muscles are flexible, but weak (Str -1, Dex +1). [potion of mutation]
  1359 | D:5      | Gained mutation: You are dopey (Int -1). [potion of mutation]
  1362 | D:6      | Found a staircase to the Orcish Mines.
  1372 | D:6      | Noticed Edmund
  1383 | D:6      | Killed Edmund
  1383 | D:6      | Reached XP level 6. HP: 16/32 MP: 3/11
  1492 | D:7      | Learned a level 4 spell: Sticky Flame
  1521 | D:7      | Reached skill level 5 in Fire Magic
  1551 | D:7      | Reached skill level 5 in Conjurations
  1551 | D:7      | Reached XP level 7. HP: 9/36 MP: 5/13
  1697 | D:7      | Noticed a hill giant zombie
  1716 | D:7      | Killed a hill giant zombie
  2036 | D:7      | Found a glowing silver altar of Zin.
  2048 | D:7      | Reached skill level 6 in Conjurations
  2050 | D:7      | Found Sanlu's Armour Boutique.
  2150 | D:7      | Reached XP level 8. HP: 38/41 MP: 6/16
  2265 | D:6      | Got an encrusted ring mail
  2403 | D:6      | Noticed an ice beast
  2410 | D:6      | Killed an ice beast
  2521 | D:5      | Found Orghepuo's Gadget Shop.
  2676 | D:4      | Found a staircase to the Ecumenical Temple.
  2688 | Temple   | Entered the Ecumenical Temple
  2712 | Temple   | Became a worshipper of Sif Muna the Loreminder
  2782 | D:4      | Reached skill level 7 in Conjurations
  3112 | D:9      | Acquired Sif Muna's first power
  3112 | D:9      | Reached skill level 8 in Conjurations
  3112 | D:9      | Reached XP level 9. HP: 29/45 MP: 2/20
  3208 | D:9      | Learned a level 5 spell: Fireball
  3278 | D:9      | Found a basalt altar of Yredelemnul.
  3278 | D:9      | Found a burning altar of Makhleb.
  3295 | D:10     | Entered Level 10 of the Dungeon
  3301 | D:10     | Reached skill level 1 in Invocations
  3361 | D:11     | Noticed a skeletal warrior
  3361 | D:11     | Noticed a skeletal warrior
  3361 | D:11     | Noticed a skeletal warrior
  3361 | D:11     | Noticed a skeletal warrior
  3563 | D:11     | Acquired Sif Muna's second power
  3707 | D:10     | Reached skill level 5 in Spellcasting
  3776 | D:9      | Reached skill level 9 in Conjurations
  3851 | D:12     | Noticed a hill giant
  3859 | D:12     | Killed a hill giant
  3859 | D:12     | Reached skill level 5 in Invocations
  3859 | D:12     | Reached XP level 10. HP: 26/50 MP: 9/22
  3895 | D:11     | Noticed a skeletal warrior
  3962 | D:12     | Gained mutation: Your spells are a little harder to cast, but a little more powerful. [mutagenic meat]
  3963 | D:12     | Gained mutation: You have a pair of small horns on your head. [mutagenic meat]
  4030 | D:12     | Found a blossoming altar of Fedhas.
  4165 | D:11     | Killed a skeletal warrior
  4177 | D:11     | Killed a skeletal warrior
  4185 | D:11     | Killed a skeletal warrior
  4199 | D:11     | Killed a skeletal warrior
  4199 | D:11     | Reached skill level 10 in Conjurations
  4199 | D:11     | Reached XP level 11. HP: 41/54 MP: 15/24
  4211 | D:11     | Killed a skeletal warrior
  4211 | D:11     | Acquired Sif Muna's third power
  4295 | D:11     | You fall through a shaft!
  4340 | D:13     | Found a staircase to the Lair.
  4358 | D:13     | Gained mutation: You are agile (Dex +1). [potion of mutation]
  4640 | Lair:1   | Entered Level 1 of the Lair of Beasts
  4671 | Lair:1   | Reached skill level 10 in Fire Magic
  5008 | Lair:3   | Killed from afar by a fire drake

Action                   |  1- 3 |  4- 6 |  7- 9 | 10-12 || total
-------------------------+-------+-------+-------+-------++-------
Melee: Unarmed           |    71 |     1 |    10 |       ||    82
       Spear             |       |       |   118 |    64 ||   182
 Cast: Flame Tongue      |    49 |    20 |    47 |    18 ||   134
       Conjure Flame     |     2 |     1 |    21 |    12 ||    36
       Sticky Flame      |       |       |    30 |    24 ||    54
       Fireball          |       |       |       |     2 ||     2
Invok: Channel Energy    |       |       |    21 |    18 ||    39
  Use: Potion            |     2 |     4 |     2 |     1 ||     9
       Scroll            |       |     2 |     3 |     4 ||     9
 Stab: Sleeping          |       |       |     2 |       ||     2
